 Dungeon Crawl Stone Soup version 0.30-a0-728-gc68057be0a (webtiles) character file.

Game seed: 5658543139849103905

16 jimonade the Sneak (level 2, 0/15 HPs)
             Began as a Vine Stalker Brigand on Jan 31, 2023.
             Slain by a gnoll
             ... wielding a +0 spear
              (7 damage)
             ... on level 1 of the Dungeon.
             The game lasted 00:00:52 (532 turns).

jimonade the Sneak (Vine Stalker Brigand)            Turns: 532, Time: 00:00:53

Health: 0/15       AC:  3    Str: 13    XL:     2   Next: 54%
Magic:  0/3        EV: 11    Int: 11    God:
Gold:   42         SH:  0    Dex: 15    Spells: 1/1 levels left

rFire   . . .      SeeInvis .    g - +2 dagger
rCold   . . .      Faith    .    (no shield)
rNeg    . . .      Spirit   +    b - +0 robe
rPois   .          Reflect  .    (no helmet)
rElec   .          Harm     .    c - +0 cloak
rCorr   .          Rampage  .    (no gloves)
Will    .....                    (no boots)
Stlth   +++                      (no amulet)
HPRegen 0.22/turn                (no ring)
MPRegen 0.08/turn                (no ring)

@: no status effects
A: fangs 2, magic shield, antimagic bite, no potion heal 2
a: no special abilities


You were on level 1 of the Dungeon.
You visited 1 branch of the dungeon, and saw 1 of its levels.

You collected 42 gold pieces.

Inventory:

Hand Weapons
 a - a +2 vampiric dagger
 g - a +2 dagger (weapon)
Missiles
 d - 9 poisoned darts (quivered)
 e - 3 curare-tipped darts
Armour
 b - a +0 robe (worn)
 c - a +0 cloak (worn)
Jewellery
 h - a ring of see invisible
 j - an amulet of the acrobat
Scrolls
 i - a scroll of vulnerability {unknown}
Potions
 f - 4 potions of might {unknown}


   Skills:
 + Level 2.0 Fighting
 * Level 2.0 Short Blades
 + Level 1.8 Throwing
 + Level 0.8 Dodging
 + Level 5.4 Stealth


You had one spell level left.
You didn't know any spells.
Your spell library was empty.

Dungeon Overview and Level Annotations

Branches:
Dungeon (1/15)

Altars:


Innate Abilities, Weirdness & Mutations

You have extremely sharp teeth.
When hurt, damage is shared between your health and your magic reserves.
Your bite disrupts and absorbs the magic of your enemies.
Potions cannot restore your health.


Message History

A dart slug comes into view.
A dart slug is nearby!
A gnoll comes into view. It is wielding a +0 spear.
The gnoll shouts!
The gnoll hits the plant with a +0 spear.
The plant begins to die.
The gnoll splashes around in the water.
The gnoll hits you from afar with a +0 spear.
You see here 11 gold pieces.
You hit the dart slug. You bite the dart slug. You drain its power.
You feel invigorated.
The dart slug is almost dead.
The gnoll barely misses you.
You hit the dart slug.
You bite the dart slug, but do no damage.
The dart slug is almost dead.
The gnoll hits you from afar with a +0 spear!
* * * LOW HITPOINT WARNING * * *
The dart slug bites you.
You are too injured to fight recklessly!
You hit the dart slug.
You kill the dart slug!
A nearby plant withers and dies.
The gnoll hits you from afar with a +0 spear.
* * * LOW HITPOINT WARNING * * *
Your Fighting skill increases to level 2!
Your Short Blades skill increases to level 2!
The gnoll hits you but does no damage. The gnoll barely misses you.
You hit the gnoll but do no damage. You bite the gnoll. You drain its power.
The gnoll is lightly wounded.
The gnoll hits you with a +0 spear.
You hit the gnoll but do no damage.
The gnoll is lightly wounded.
The gnoll hits you with a +0 spear.
You hit the gnoll. You bite the gnoll. You drain its power.
You feel invigorated.
The gnoll is moderately wounded.
The gnoll hits you with a +0 spear!
You die...

##### ##### ##...##
#...####..#..#
##.....#...#.# #
##.##.......# #
#.##.......## #
#.##........## #
#.##.........#####
#@#...............
#g#...........####
#.#..>.....#...###
#.#...............
#.#.........#.....
#.......#...#...#.
###...#...#..#..#..
#......#..#..#..#..
#.#.....#..#.#.#..#


You could see a gnoll.

Vanquished Creatures
  3 dart slugs (D:1)
  A goblin (D:1)
  A hobgoblin (D:1)
  A quokka (D:1)
  A bat (D:1)
  A frilled lizard (D:1)
  A kobold (D:1)
  2 rats (D:1)
11 creatures vanquished.

Vanquished Creatures (others)
  A plant (D:1)
1 creature vanquished.

Grand Total: 12 creatures vanquished

Notes
Turn   | Place    | Note
-------+----------+-------------------------------------------
     0 | D:1      | jimonade the Vine Stalker Brigand began the quest for the
                  | Orb.
     0 | D:1      | Reached XP level 1. HP: 11/11 MP: 2/2
    34 | D:1      | Reached skill level 5 in Stealth
   140 | D:1      | Reached XP level 2. HP: 15/15 MP: 3/3
   532 | D:1      | Slain by a gnoll

Illustrated notes

Levels and vault maps discovered:
D:1:      minmay_arrival_radiant_lines, layout_rooms, serial_bayou,
          serial_bayou_pond_e, serial_bayou_pond_c, serial_bayou_shore_b,
          serial_bayou_shore_b

Skill      XL: |  1  2 |
---------------+-------+-----
Stealth        | 5 |  5.4
Fighting       | 2 |  2.0
Short Blades   | 2 |  2.0
Throwing       | |  1.8
Dodging        | |  0.8

Action                     || total
---------------------------++-------
  Melee: Dagger            ||    22
         Bite              ||     7
   Stab: Sleeping          ||     3
 Armour: Robe              ||     5
  Dodge: Dodged            ||     7

Table legend: (Time is in decaauts)
 A = Elapsed time spent in this place.
 B = Non-inter-level travel time spent in this place.
 C = Inter-level travel time spent in this place.
 D = Time resting spent in this place.
 E = Time spent auto-exploring this place.
 F = Levels seen in this place.
 G = Mean time per level.
                   A        B        C        D        E       F      G
               +--------+--------+--------+--------+--------+-----+--------+
         Total |    538 |    538 |      0 |      0 |    409 |   1 |  538.0 |
       Dungeon |    538 |    538 |      0 |      0 |    409 |   1 |  538.0 |
               +--------+--------+--------+--------+--------+-----+--------+

Top non-repeatable levels by time:
     D:1: 538 daAuts
